 Dungeon Crawl Stone Soup version 0.28-a0-1435-g82390b3a13 (webtiles) character file.

Game seed: 9118776183745858771

11232 pokeman the Eclecticist (level 11, -4/62 HPs)
             Began as a Deep Elf Hedge Wizard on Jan 8, 2022.
             Was a Priest of Vehumet.
             Hit by a javelin thrown by a minotaur (18 damage)
             ... in a Gauntlet on Jan 9, 2022.
             The game lasted 00:38:58 (14183 turns).

pokeman the Eclecticist (Deep Elf Hedge Wizard)    Turns: 14183, Time: 00:38:59

Health: -4/62      AC: 10    Str:  8    XL:     11   Next: 46%
Magic:  2/32       EV: 13    Int: 29    God:    Vehumet [***...]
Gold:   607        SH:  0    Dex: 15    Spells: 23/40 levels left

rFire   + . .      SeeInvis .   i - staff of fire
rCold   . . .      Faith    .   (no shield)
rNeg    + . .      Spirit   .   B - +0 acid dragon scales
rPois   .          Reflect  .   c - +0 hat
rElec   .          Harm     .   G - +0 cloak
rCorr   +          Rampage  .   (no gloves)
Will    +....      NoTele   +   q - +0 pair of boots
Stlth   ++........              (no amulet)
HPRegen 0.20/turn               y - ring of the Octopus King {Wiz AC+1 EV+1 Str+1 Int+1 Dex+1}
MPRegen 0.23/turn               o - ring of Miracles {Wiz rN+ Int+4}

@: no status effects
A: no striking features
a: Renounce Religion


You were in a Gauntlet.
You worshipped Vehumet.
Vehumet was most pleased with you.
You visited 2 branches of the dungeon, and saw 12 of its levels.
You also visited: Gauntlet.

You collected 607 gold pieces.

Inventory:

Hand Weapons
 J - a +1 short sword of electrocution
 L - the +6 hunting sling of Lotera Zeyry {flame, Contam Int+2 Stlth+}
   (You found it on level 9 of the Dungeon)

   Any ammunition fired from it burns those it strikes, dealing additional fire
   damage.
   Int:       It affects your intelligence (+2).
   Contam:    It causes magical contamination when unequipped.
   Stlth:     It makes you more stealthy.
 S - a +0 hand crossbow
Missiles
 a - 170 arrows
 H - 48 bolts
 M - 67 sling bullets
 Q - 4 throwing nets
Armour
 c - a +0 hat (worn)
 q - a +0 pair of boots (worn)
 u - an orb of mayhem
 z - a +2 ring mail of fire resistance
 B - +0 acid dragon scales (worn)
 G - a +0 cloak (worn)
Magical Staves
 i - a staff of fire (weapon)
 N - a staff of cold
Jewellery
 b - a ring of poison resistance
 f - the ring of Lopupan {Fly rCorr Str+4}
   (You found it in a Gauntlet)

   [ring of flight]

   Str:       It affects your strength (+4).
   Fly:       It grants you flight.
   rCorr:     It protects you from acid and corrosion.
 g - a ring of positive energy
 n - a ring of flight
 o - the ring of Miracles (right hand) {Wiz rN+ Int+4}
   (You found it on level 3 of the Dungeon)

   [ring of wizardry]

   It improves your spell success rate.
   Int:       It affects your intelligence (+4).
   rN:        It protects you from negative energy.
 y - a ring of the Octopus King (left hand) {Wiz AC+1 EV+1 Str+1 Int+1 Dex+1}
   (You found it on level 5 of the Dungeon)

   [ring of wizardry]

   It improves your spell success rate.
   AC:        It affects your AC (+1).
   EV:        It affects your evasion (+1).
   Str:       It affects your strength (+1).
   Int:       It affects your intelligence (+1).
   Dex:       It affects your dexterity (+1).
 D - a ring of ice
Wands
 d - a wand of paralysis (2)
 K - a wand of digging (9)
Scrolls
 h - 3 scrolls of teleportation
 j - a scroll of silence {unknown}
 k - 5 scrolls of summoning {unknown}
 p - 2 scrolls of fog {unknown}
 x - a scroll of immolation {unknown}
 C - a scroll of holy word {unknown}
 E - 2 scrolls of blinking
Potions
 e - a potion of experience {unknown}
 P - a potion of haste
 R - a potion of ambrosia {unknown}
 T - a potion of lignification {unknown}
 U - a potion of resistance
 V - a potion of degeneration {unknown}
Miscellaneous
 l - a lightning rod (4/4)


   Skills:
 + Level 4.8 Fighting
 - Level 4.0 Armour
 - Level 3.1 Dodging
 - Level 3.0 Stealth
 * Level 15.4 Spellcasting
 + Level 9.0 Conjurations
 - Level 1.1 Summonings
 - Level 1.1 Translocations
 + Level 8.2 Fire Magic
 - Level 1.0 Ice Magic
 - Level 1.0 Air Magic
 - Level 2.0 Poison Magic
 - Level 2.1 Evocations


You had 23 spell levels left.
You knew the following spells:

 Your Spells              Type           Power      Damage    Failure   Level
a - Magic Dart            Conj           100%       1d8       1%          1
b - Mephitic Cloud        Conj/Pois/Air  45%        N/A       1%          3
c - Call Imp              Summ           28%        N/A       1%          2
d - Blink                 Tloc           56%        N/A       1%          2
e - Conjure Flame         Conj/Fire      83%        6-21      1%          3
f - Starburst             Conj/Fire      41%        6d12      1%          6

Your spell library contained the following spells:

 Spells                   Type           Power      Damage    Failure   Level
 Fulminant Prism          Conj/Hex       24%        3d13      1%          4
 Animate Skeleton         Necr           44%        N/A       1%          1
 Apportation              Tloc           56%        N/A       1%          1
 Slow                     Hex            88%        N/A       1%          1
 Summon Small Mammal      Summ           100%       N/A       1%          1
 Static Discharge         Conj/Air       51%        N/A       1%          2
 Call Canine Familiar     Summ           28%        N/A       1%          3
 Dazzling Flash           Conj/Hex       96%        N/A       1%          3
 Iskenderun's Mystic Bla  Conj/Tloc      51%        2d11      1%          4
 Sticky Flame             Conj/Fire      83%        2d9       1%          4
 Summon Guardian Golem    Hex/Summ       25%        N/A       2%          3
 Passage of Golubria      Tloc           28%        N/A       6%          4
 Dispel Undead            Necr           22%        3d12      10%         4
 Silence                  Hex/Air        12%        N/A       21%         5
 Lehudib's Crystal Spear  Conj/Erth      24%        10d7      94%         8


Dungeon Overview and Level Annotations

Branches:
Dungeon (11/15)            Temple (1/1) D:5            Lair (0/6) D:8
Gauntlet (1/1)
    Orc: D:9-12

Altars:
Ashenzari
Cheibriados
Dithmenos
Elyvilon
Fedhas
Gozag
Hepliaklqana
Kikubaaqudgha
Makhleb
Nemelex Xobeh
Okawaru
Ru
Sif Muna
Vehumet
Wu Jian
Xom
Yredelemnul
Zin
The Shining One

Annotations:
Gauntlet 4 transporters


Message History

You feel a surge of power!
The bolt of fire hits the minotaur.
The minotaur resists.
The minotaur is moderately wounded.
The minotaur throws a javelin.
The javelin pierces through you!
* * * LOW HITPOINT WARNING * * *
Casting: Starburst (dangerous; 1% risk of failure)
Confirm with . or Enter, or press ? or * to list all spells.
Casting: Starburst (dangerous; 1% risk of failure)
Press: ? - help, Dir - look around, f - activate You feel a surge of power!
The bolt of fire hits the minotaur.
The minotaur resists.
The minotaur is moderately wounded.
Unknown command.
Casting: Starburst (dangerous; 1% risk of failure)
Confirm with . or Enter, or press ? or * to list all spells.
You don't have enough magic to cast this spell.
Casting: Starburst (dangerous; 1% risk of failure)
Confirm with . or Enter, or press ? or * to list all spells.
You blink.
The minotaur throws a javelin.
The javelin misses you.
You feel stable enough to blink again.
The minotaur throws a javelin.
The javelin closely misses you.
Aiming: Paralyse
Press: ? - help, Shift-Dir - straight line, f - minotaur
Aim: a minotaur, wielding the +7 dire flail of Evisceration {vorpal, rElec rF+ rCorr Dex+2}, wearing a +2 plate armour of poison resistance and quivering javelins (moderately wounded, unusually resistant, chance to affect: 3%)
Okay, then.
Unknown command.
Unknown command.
Okay, then.
Unknown command.
Unknown command.
Unknown command.
Press: ? - help, v - describe, . - travel
Here: a minotaur, wielding the +7 dire flail of Evisceration {vorpal, rElec rF+ rCorr Dex+2}, wearing a +2 plate armour of poison resistance and quivering javelins (moderately wounded, unusually resistant)
The floor.
Unknown command.
Unknown command.
Unknown command.
The minotaur throws a javelin.
The javelin pierces through you!!
You die...

###...8.#... #.....#.©.
###..####### #8#..#......
###..#..##.#
#####..#.#..#.
#≈8≈#..#.#..#.
#######..§#..#©.####
#..@.##.8.#..#.#..#©
#.##.##...#..#.#..#.
#.##....8.#..#..##.# #
#.##.##...#..#...... #≈
#.#....##...#..#######
#≈≈.#.#.##H##.©.#≈........
#≈∩.H.'.##......#∩§.......
#≈≈.#.#.##.##.©.#≈........
# # #....##...#.§#######


You could see a minotaur (resistant).

Vanquished Creatures
  Harold (D:9)
  3 two-headed ogres
  A death scarab (Gauntlet)
  A soul eater (Gauntlet)
  An ugly thing (D:9)
  Maggie (D:6)
  Prince Ribbit (D:5)
  Grinder (D:5)
  4 flying skulls (Gauntlet)
  Sigmund (D:5)
  5 yaks
  3 vampire mosquitoes
  3 steam dragons
  A spectral cane toad (Gauntlet)
  2 wargs (D:8)
  Edmund (D:6)
  2 orc warriors
  3 ice beasts
  3 necrophages
  2 black bears
  An ogre (D:5)
  2 centaurs
  A kobold brigand (D:10)
  3 bullfrogs
  3 scorpions
  13 killer bees
  3 vampire bats (D:8)
  A howler monkey (D:7)
  4 centaur zombies
  4 hounds
  2 gnoll shamans
  3 jellies (Gauntlet)
  5 orc priests
  A bullfrog skeleton (D:6)
  2 centaur skeletons
  7 iguanas
  Ijyb (D:4)
  6 orc wizards
  A killer bee zombie (D:6)
  2 howler monkey zombies (D:8)
  8 gnolls
  4 adders
  4 shadow imps
  A white imp (D:7)
  An ufetubus (D:6)
  3 worms
  2 dart slugs
  30 orcs
  11 bats
  6 endoplasms
  2 giant cockroaches
  7 goblins
  8 hobgoblins
  4 jackals (D:3)
  14 kobolds
  6 quokkas
  6 ball pythons
  4 frilled lizards
  3 rats
229 creatures vanquished.

Vanquished Creatures (collateral kills)
  Joseph (D:8)
1 creature vanquished.

Vanquished Creatures (others)
  16 plants
  35 withered plants (Gauntlet)
51 creatures vanquished.

Grand Total: 281 creatures vanquished

Notes
Turn   | Place    | Note
-------+----------+-------------------------------------------
     0 | D:1      | pokeman the Deep Elf Hedge Wizard began the quest for the
                  | Orb.
     0 | D:1      | Reached XP level 1. HP: 10/10 MP: 7/7
   186 | D:1      | Found a faded altar of an unknown god.
   237 | D:1      | Reached XP level 2. HP: 15/15 MP: 1/9
   907 | D:2      | Reached skill level 5 in Spellcasting
  1097 | D:2      | Reached XP level 3. HP: 20/20 MP: 7/11
  1101 | D:2      | Learned a level 3 spell: Mephitic Cloud
  1104 | D:2      | Learned a level 2 spell: Call Imp
  1107 | D:2      | Learned a level 2 spell: Blink
  1111 | D:2      | Learned a level 3 spell: Conjure Flame
  1820 | D:3      | Identified the ring of Miracles {Wiz rN+ Int+4}
  2309 | D:3      | Reached skill level 1 in Armour
  2320 | D:3      | Reached skill level 1 in Fighting
  2460 | D:3      | Found a shadowy altar of Dithmenos.
  3176 | D:4      | Noticed Ijyb
  3217 | D:4      | Reached XP level 4. HP: 25/25 MP: 8/13
  3570 | D:4      | Noticed a scorpion
  3574 | D:4      | Reached skill level 1 in Fire Magic
  3584 | D:4      | Killed a scorpion
  3585 | D:4      | Reached skill level 6 in Spellcasting
  3585 | D:4      | Reached XP level 5. HP: 29/29 MP: 5/15
  4204 | D:4      | Killed Ijyb
  4205 | D:4      | Reached skill level 1 in Air Magic
  4538 | D:5      | Entered Level 5 of the Dungeon
  4552 | D:5      | Reached XP level 6. HP: 34/34 MP: 14/17
  4703 | D:5      | Noticed Sigmund
  4718 | D:5      | Reached skill level 7 in Spellcasting
  4726 | D:5      | Killed Sigmund
  4727 | D:5      | Reached skill level 1 in Poison Magic
  4727 | D:5      | Reached skill level 1 in Evocations
  4731 | D:5      | Reached XP level 7. HP: 26/38 MP: 13/20
  4741 | D:5      | Reached skill level 8 in Spellcasting
  5141 | D:5      | Learned a level 6 spell: Starburst
  5144 | D:5      | Found a staircase to the Ecumenical Temple.
  5152 | Temple   | Entered the Ecumenical Temple
  5227 | Temple   | Became a worshipper of Vehumet
  5269 | D:5      | Found the ring of the Octopus King
  5274 | D:5      | Identified a ring of the Octopus King {Wiz AC+1 EV+1 Str+1
                  | Int+1 Dex+1}
  5560 | D:5      | Noticed Prince Ribbit
  5567 | D:5      | Killed Prince Ribbit
  5568 | D:5      | Reached skill level 9 in Spellcasting
  5568 | D:5      | Reached XP level 8. HP: 44/44 MP: 13/23
  5709 | D:5      | Noticed Grinder
  5737 | D:5      | Paralysed by Grinder for 2 turns
  5747 | D:5      | Killed Grinder
  5748 | D:5      | Reached skill level 5 in Conjurations
  6152 | D:6      | Noticed Edmund
  6164 | D:6      | Killed Edmund
  6416 | D:6      | Reached skill level 10 in Spellcasting
  6813 | D:6      | Noticed Maggie
  6827 | D:6      | Killed Maggie
  6828 | D:6      | Reached XP level 9. HP: 48/48 MP: 8/25
  6848 | D:6      | Reached skill level 11 in Spellcasting
  7114 | D:6      | Reached * piety under Vehumet
  7114 | D:6      | Offered knowledge of Sandblast by Vehumet.
  8221 | D:7      | Reached skill level 5 in Fire Magic
  8297 | D:7      | Identified the +8 chain mail "Wunlor" {Int+5 Slay+2}
  9120 | D:8      | Upgraded the game from 0.28-a0-1429-gf3d713df7a to
                  | 0.28-a0-1435-g82390b3a13
  9333 | D:8      | Noticed Joseph
  9361 | D:8      | Killed Joseph
  9362 | D:8      | Reached skill level 12 in Spellcasting
  9602 | D:8      | Reached ** piety under Vehumet
  9602 | D:8      | Offered knowledge of Shock by Vehumet.
  9620 | D:8      | Reached XP level 10. HP: 53/53 MP: 3/28
  9909 | D:8      | Noticed a two-headed ogre
  9956 | D:8      | Killed a two-headed ogre
  9957 | D:8      | Reached skill level 13 in Spellcasting
 10348 | D:8      | Offered knowledge of Scorch by Vehumet.
 10462 | D:8      | Found a staircase to the Lair.
 10612 | D:9      | Noticed a purple ugly thing
 10617 | D:9      | Killed a purple ugly thing
 10946 | D:9      | Reached skill level 14 in Spellcasting
 11056 | D:9      | Identified the +6 hunting sling of Lotera Zeyry {flame,
                  | Contam Int+2 Stlth+}
 11711 | D:9      | Found a shimmering altar of Xom.
 11791 | D:9      | Noticed Harold
 11799 | D:9      | Killed Harold
 11799 | D:9      | Reached *** piety under Vehumet
 11800 | D:9      | Reached skill level 1 in Ice Magic
 11940 | D:9      | Found a burning altar of Makhleb.
 11940 | D:9      | Noticed a green death
 11947 | D:9      | Found a glowing silver altar of Zin.
 11947 | D:9      | Noticed an angel
 11955 | D:9      | Noticed a two-headed ogre
 11958 | D:9      | Killed a two-headed ogre
 11959 | D:9      | Reached XP level 11. HP: 61/61 MP: 20/31
 12201 | D:10     | Entered Level 10 of the Dungeon
 12719 | D:10     | Offered knowledge of Fulminant Prism by Vehumet.
 12923 | D:10     | Noticed a two-headed ogre
 12927 | D:10     | Killed a two-headed ogre
 13367 | D:11     | Found a gate leading to a gauntlet.
 13368 | D:11     | Noticed a boulder beetle
 13369 | D:11     | Noticed a red ugly thing
 13371 | D:11     | Noticed a soul eater
 13375 | Gauntlet | Entered a Gauntlet
 13375 | Gauntlet | Found a transporter.
 13375 | Gauntlet | Found a transporter.
 13377 | Gauntlet | Found a transporter.
 13379 | Gauntlet | Found a transporter.
 13392 | Gauntlet | Found a transporter.
 13458 | Gauntlet | Found a transporter.
 13466 | Gauntlet | Found a transporter.
 13479 | Gauntlet | Found a transporter.
 13485 | Gauntlet | Noticed a death scarab
 13487 | Gauntlet | Found a transporter.
 13517 | Gauntlet | Found a transporter.
 13519 | Gauntlet | Noticed a soul eater
 13525 | Gauntlet | Found a transporter.
 13584 | Gauntlet | Found a transporter.
 13681 | Gauntlet | Identified the ring of Lopupan {Fly rCorr Str+4}
 13774 | Gauntlet | Killed a soul eater
 13775 | Gauntlet | Reached skill level 15 in Spellcasting
 13924 | Gauntlet | Killed a death scarab
 14160 | Gauntlet | Identified the +7 dire flail of Evisceration {vorpal, rElec
                  | rF+ rCorr Dex+2}
 14160 | Gauntlet | Noticed a minotaur
 14183 | Gauntlet | Hit by a javelin thrown by a minotaur

Illustrated notes

Levels and vault maps discovered:
D:1:      zaba_arrival_water, layout_rooms, basic_ecumenical_altar,
          minmay_split_cup_small
D:2:      layout_rooms, minmay_misc_feat_enclosed, roderic_serpentine_path,
          nrook_mini_vaults
D:3:      layout_basic, mainiacjoe_overflow_brackets, minmay_goblin_outpost
D:4:      layout_layer_cave, uniq_ijyb
D:5:      layout_rooms, minmay_temple_entry_glassed_door,
          kennysheep_another_room, corexii_mini_fake_secret_closet,
          chequers_big_river, skrybe_limestone_x, uniq_sigmund, uniq_grinder,
          uniq_prince_ribbit1
D:6:      layout_basic, kennysheep_generic_room_12, uniq_edmund, uniq_maggie
D:7:      layout_basic
D:8:      layout_rooms, erik_lair_orcish_takeover, small_statue_alley_b,
          roderic_batcave, uniq_joseph
D:9:      layout_gridville, mainiacjoe_overflow_six_doors_small,
          grunt_temple_overflow_order_and_chaos_2, uniq_harold
D:10:     layout_long_grid
D:11:     layout_cave_pools, gauntlet_entry_generic
Temple:   eino_narrow_crystal_temple
Gauntlet: gammafunk_gauntlet_shortcut [nicolae_gauntlet_arena_blocks,
          gammafunk_gauntlet_arena_hedges, gammafunk_gauntlet_arena_split_x,
          gammafunk_gauntlet_arena_chambers,
          gammafunk_gauntlet_arena_arrow_garden,
          nicolae_gauntlet_arena_quarters, gauntlet_exit_watery]

Skill      XL: |  1  2  3  4  5  6  7  8  9 10 11 |
---------------+----------------------------------+-----
Spellcasting   | 5 6 7 9 10 12 14 15 | 15.4
Armour         | 1 2 4 |  4.0
Fighting       | 1 2 4 |  4.8
Conjurations   | 2 3 4 5 7 8 9 |  9.0
Fire Magic     | 1 2 4 5 7 8 |  8.2
Dodging        | 3 |  3.1
Air Magic      | 1 |  1.0
Stealth        | 3 |  3.0
Poison Magic   | 2 |  2.0
Evocations     | 1 2 |  2.1
Ice Magic      | 1 |  1.0
Summonings     | |  1.1
Translocations | |  1.1

Action                   |  1- 3 |  4- 6 |  7- 9 | 10-12 || total
-------------------------+-------+-------+-------+-------++-------
Melee: Dagger            |     3 |       |       |       ||     3
       Punch             |     1 |     1 |     1 |       ||     3
       Staff             |     7 |    16 |    48 |    15 ||    86
 Cast: Magic Dart        |   133 |    74 |   260 |    77 ||   544
       Conjure Flame     |     1 |     5 |    27 |     8 ||    41
       Mephitic Cloud    |       |     3 |    25 |     8 ||    36
       Blink             |       |       |     3 |     3 ||     6
       Call Imp          |       |       |     5 |     2 ||     7
       Starburst         |       |       |       |    48 ||    48
  Use: Potion            |       |       |     1 |       ||     1
       Scroll            |       |       |       |    12 ||    12
 Stab: Confused          |       |     1 |     2 |       ||     3
Armor: Robe              |     5 |       |       |       ||     5
       Leather armour    |       |     2 |    16 |       ||    18
       Steam dragon scal |       |       |     7 |    10 ||    17
       Acid dragon scale |       |       |       |    28 ||    28
Dodge: Dodged            |    20 |    13 |    67 |    85 ||   185

Table legend: (Time is in decaauts)
 A = Elapsed time spent in this place.
 B = Non-inter-level travel time spent in this place.
 C = Inter-level travel time spent in this place.
 D = Time resting spent in this place.
 E = Time spent auto-exploring this place.
 F = Levels seen in this place.
 G = Mean time per level.
                   A        B        C        D        E       F      G
               +--------+--------+--------+--------+--------+-----+--------+
         Total |  14233 |  13307 |    926 |   1107 |  10069 |  13 | 1094.8 |
       Dungeon |  13309 |  12401 |    908 |    932 |   9811 |  11 | 1209.9 |
        Temple |    116 |     99 |     17 |      0 |     63 |   1 |  116.0 |
      Gauntlet |    807 |    807 |      0 |    175 |    195 |   1 |  807.0 |
               +--------+--------+--------+--------+--------+-----+--------+

Top non-repeatable levels by time:
     D:6: 2037 daAuts
     D:8: 1804 daAuts
     D:5: 1665 daAuts
     D:3: 1454 daAuts
     D:4: 1411 daAuts
     D:7: 1143 daAuts
     D:2: 1029 daAuts
     D:9: 962 daAuts
    D:10: 840 daAuts
     D:1: 840 daAuts
Gauntlet: 807 daAuts
    D:11: 119 daAuts
  Temple: 116 daAuts
